 Dungeon Crawl Stone Soup version 0.32-a0-640-gc5db3fc80f (webtiles) character file.

Game seed: 2221211378862299160

111902 tilp the Carver (level 16, -3/130 HPs)
             Began as a Vampire Enchanter on Mar 7, 2024.
             Was the Champion of Wu Jian.
             Slain by Agnes
             ... wielding a +2 vampiric lajatang
              (29 damage)
             ... on level 15 of the Dungeon.
             The game lasted 00:54:28 (28150 turns).

tilp the Carver (Vampire Enchanter)                Turns: 28150, Time: 00:54:28

Health: -3/130     AC: 18    Str: 10    XL:     16   Next: 10%
Magic:  23/28      EV: 17    Int: 36    God:    Wu Jian [******]
Gold:   1292       SH:  6    Dex: 20    Spells: 8/31 levels left

rFire   . . .        a - +9 dagger (elec)
rCold   . . .        U - +0 buckler
rNeg    . . .        V - +3 leather armour "Olymuor" {Str+3 Int+3}
rPois   +            B - +1 helmet of a volcano {Int+4}
rElec   .            H - +2 cloak
rCorr   .            f - +2 pair of gloves {Dex+3}
SInv    +            u - +2 pair of boots {Stlth+}
Will    +....        q - amulet of magic regeneration
Stlth   +++++++      z - ring of poison resistance
HPRegen 0.61/turn    L - +6 ring of intelligence
MPRegen 0.61/turn

%: no passive effects
@: healing quickly
A: alive, fangs 3, see invisible, vampiric 2
a: Exsanguinate, Renounce Religion, Wall Jump, Serpent's Lash, Heavenly Storm


You were on level 15 of the Dungeon.
You worshipped Wu Jian.
Wu Jian was exalted by your worship.
You visited 4 branches of the dungeon, and saw 23 of its levels.
You also visited: Bailey and Gauntlet.

You collected 2697 gold pieces.
You spent 1405 gold pieces at shops.

Inventory:

Hand Weapons
 a - a +9 dagger of electrocution (weapon)
 b - a +1 scimitar of flaming
 P - a +4 dagger of freezing
 T - a +1 demon blade of freezing
Missiles
 i - 16 atropa-tipped darts
 v - a throwing net
 w - 31 poisoned darts
 x - 35 boomerangs (quivered)
 C - 13 curare-tipped darts {!f}
 J - 7 javelins
 Q - 3 silver javelins
Armour
 f - a +2 pair of gloves of dexterity (worn)
 n - a +2 robe of willpower
 u - a +2 pair of boots of stealth (worn)
 B - the +1 helmet of a volcano (worn) {Int+4}
   (You took it off Robin on level 3 of the Dungeon)

   Int+4:     It affects your intelligence (+4).
 H - a +2 cloak (worn)
 U - a +0 buckler (worn)
 V - the +3 leather armour "Olymuor" (worn) {Str+3 Int+3}
   (You bought it in a shop on level 1 of the Dungeon)

   Str+3:     It affects your strength (+3).
   Int+3:     It affects your intelligence (+3).
 X - a +2 leather armour of fire resistance
Jewellery
 q - an amulet of magic regeneration (around neck)
 z - a ring of poison resistance (left hand)
 F - a ring of positive energy
 L - a +6 ring of intelligence (right hand)
 M - a ring of protection from cold
 Z - a ring of fire
Wands
 g - a wand of flame (74)
 k - a wand of iceblast (27)
 D - a wand of charming (3)
 E - a wand of polymorph (6)
 K - a wand of light (4)
 O - a wand of mindburst (5)
Scrolls
 h - 9 scrolls of teleportation
 s - 3 scrolls of blinking
 t - 4 scrolls of fear
 y - 4 scrolls of silence
 A - a scroll of vulnerability
 I - 2 scrolls of revelation
 N - a scroll of summoning
 S - 5 scrolls of fog
 Y - a scroll of poison
Potions
 c - 3 potions of invisibility
 d - 5 potions of cancellation
 e - 5 potions of ambrosia
 j - 7 potions of lignification
 l - 2 potions of mutation
 m - 13 potions of curing
 o - 8 potions of heal wounds
 p - a potion of enlightenment {unknown}
 r - 2 potions of resistance
 G - 2 potions of brilliance {unknown}
 R - 2 potions of magic {unknown}
Miscellaneous
 W - a tin of tremorstones (inert)


   Skills:
 * Level 13.1 Fighting
 - Level 4.1(10.6) Short Blades
 - Level 13.7(14.0) Long Blades
 - Level 2.0 Throwing
 + Level 5.1 Armour
 + Level 9.3 Dodging
 + Level 13.5 Stealth
 + Level 5.6 Shields
 + Level 8.0 Spellcasting
 + Level 13.3 Hexes
 - Level 4.0 Translocations
 + Level 8.9 Evocations


You had 8 spell levels left.
You knew the following spells:

 Your Spells              Type           Power      Damage    Failure   Level
a - Ensorcelled Hibernat  Hex/Ice        100%       N/A       1%          2
b - Confusing Touch       Hex            84%        N/A       1%          3
c - Tukima's Dance        Hex            84%        N/A       1%          3
d - Dazzling Flash        Conj/Hex       100%       N/A       1%          3
e - Yara's Violent Unrav  Hex/Alch       29%        3d12      10%         5
f - Summon Mana Viper     Hex/Summ       58%        N/A       10%         5
g - Blink                 Tloc           86%        N/A       1%          2

Your spell library contained the following spells:

 Spells                   Type           Power      Damage    Failure   Level
 Lesser Beckoning         Tloc           86%        N/A       1%          2
 Inner Flame              Hex/Fire       58%        N/A       1%          3
 Cause Fear               Hex            42%        N/A       1%          4
 Momentum Strike          Conj/Tloc      56%        3d9       3%          2
 Anguish                  Hex/Necr       29%        N/A       3%          4
 Kiss of Death            Conj/Necr      56%        2d9       5%          1
 Necrotise                Necr           56%        1d6       5%          1
 Shock                    Conj/Air       56%        1d6       5%          1
 Mercury Vapours          Alch/Air       28%        N/A       8%          2
 Passage of Golubria      Tloc           43%        N/A       10%         4
 Swiftness                Air            14%        N/A       16%         3
 Vampiric Draining        Necr           14%        2d7       16%         3
 Enfeeble                 Hex            42%        N/A       19%         7
 Airstrike                Air            7%         2d(1-17)  45%         4
 Animate Armour           Summ/Erth      28%        N/A       45%         4
 Dispel Undead            Necr           14%        3d10      45%         4
 Martyr's Knell           Necr/Summ      14%        N/A       45%         4
 Summon Lightning Spire   Summ/Air       14%        N/A       45%         4
 Curse of Agony           Necr           14%        N/A       82%         5
 Irradiate                Conj/Alch      7%         3d14      82%         5
 Iskenderun's Battlesphe  Conj           14%        2d7       82%         5
 Lee's Rapid Deconstruct  Erth           7%         3d6*      82%         5
 Bombard                  Conj/Erth      7%         9d2       100%        6
 Summon Cactus Giant      Summ           7%         N/A       100%        6
 Malign Gateway           Summ/Tloc      14%        N/A       100%        7
 Spellforged Servitor     Conj/Summ      7%         N/A       100%        7
 Ignition                 Fire           7%         3d4       100%        8
 Maxwell's Capacitive Co  Air            7%         ∞         100%        8


Dungeon Overview and Level Annotations

Branches:
Dungeon (15/15)            Temple (1/1) D:6            Lair (5/5) D:11
 Shoals (0/4) Lair:3       Spider (0/4) Lair:3        Slime (0/5) Lair:5
    Orc (2/2) D:9             Elf (0/3) Orc:2        Vaults (0/5) D:14
 Bailey (visited)         Gauntlet (visited)
 Depths: D:15

Altars:
Ashenzari
Cheibriados
Dithmenos
Fedhas
Gozag
Hepliaklqana
Kikubaaqudgha
Makhleb
Nemelex Xobeh
Okawaru
Qazlal
Ru
Sif Muna
Trog
Uskayaw
Vehumet
Wu Jian
Xom
Yredelemnul
Jiyva

Shops:
D:1 [   D:3 :   D:9 (   D:12 [(   Orc:1 (   Orc:2 :[=([

Annotations:
D:15 Agnes


Innate Abilities, Weirdness & Mutations

Your natural rate of healing is accelerated.
You have razor-sharp teeth.
You have supernaturally acute eyesight. (SInv)
You are afflicted with vampirism and can become a bat while bloodless.


Message History

Agnes draws strength from your wounds!
You puncture Agnes!
Agnes is heavily wounded.
Agnes hits you with a +2 vampiric lajatang!!
* * * LOW HITPOINT WARNING * * *
Agnes draws strength from your wounds!
You hit Agnes.
Agnes is moderately wounded.
You puncture Agnes!
Agnes is heavily wounded.
Agnes closely misses you.
You puncture Agnes!
Agnes is heavily wounded.
Agnes hits you with a +2 vampiric lajatang!
* * * LOW HITPOINT WARNING * * *
Agnes draws strength from your wounds!
You hit Agnes. Your bite misses Agnes.
Agnes is heavily wounded.
Agnes is no longer blind.
You block Agnes's attack.
You hit Agnes.
Agnes is heavily wounded.
Agnes closely misses you.
Casting: Dazzling Flash (safe; 1% risk of failure)
Confirm with . or Enter, or press ? or * to list all spells.
Casting: Dazzling Flash (safe; 1% risk of failure)
Press: ? - help, Dir - look around, f - activate Agnes hits you with a +2 vampiric lajatang!
* * * LOW HITPOINT WARNING * * *
Agnes draws strength from your wounds!
A tengu warrior comes into view. It is wielding a +0 great mace.
Agnes hits you with a +2 vampiric lajatang.
* * * LOW HITPOINT WARNING * * *
Unknown command.
Casting: Dazzling Flash (safe; 1% risk of failure)
Confirm with . or Enter, or press ? or * to list all spells.
Casting: Dazzling Flash (safe; 1% risk of failure)
Press: ? - help, Dir - look around, f - activate Agnes hits you with a +2 vampiric lajatang!!
You die...
Agnes says, "May you follow the Path of Peace in your next life."

##......# #.......##
##........######.
#...........#...
##.............# #.
#......).......# ###..
#..............# #....
#..............####...##
#......@.......#.....#..
#.....$.i......#...###..
................#.#..#..
..................#...##
........................
#...............##......
#......<...Q...######..#
###########..### #..#
#..## ##.#


You could see Agnes and a tengu warrior.

Vanquished Creatures
  Gastronok (Lair:1)
  Azrael (D:13)
  Snorg (Lair:5)
  A minotaur (Gauntlet)
  A fire dragon (Lair:5)
  Fannar (Lair:1)
  4 ogre magi (Orc:2)
  A vault guard (D:14)
  A catoblepas (Lair:5)
  7 hydras
  6 centaur warriors
  3 boulder beetles
  A dancing weapon (D:14)
  The ghost of Alarak the Fighter, a novice DsGl (D:8)
  22 two-headed ogres
  16 death yaks
  A deep troll earth mage (D:15)
  2 orc high priests
  A skyshark (Lair:2)
  A glowing orange brain (Gauntlet)
  An arcanist (D:15)
  A lindwurm (Lair:5)
  3 orc knights
  3 deep elf pyromancers
  3 cyclopes
  2 orc sorcerers (Orc:1)
  An oklob plant (Lair:1)
  13 ugly things
  3 meliai (D:14)
  A moth of wrath (D:8)
  A salamander (shapeshifter) (D:15)
  5 manticores
  11 elephants
  A kobold blastminer (Orc:2)
  3 molten gargoyles (Lair:5)
  9 black mambas
  A torpor snail (Gauntlet)
  Maggie (D:8)
  12 cane toads
  An unseen horror (D:11)
  2 gargoyles
  A minotaur zombie (Gauntlet)
  16 komodo dragons
  2 rime drakes
  An ice devil (Gauntlet)
  Psyche (D:12)
  3 polar bears
  A wind drake (Lair:3)
  3 hornets (D:9)
  7 trolls
  9 blink frogs (Lair:4)
  17 dream sheep
  12 slime creatures
  2 jumping spiders (Lair:3)
  2 shadows
  2 wraiths (D:13)
  5 wyverns
  A water elemental (D:13)
  6 basilisks
  4 fire elementals (D:13)
  4 steam dragons
  2 wargs
  45 yaks
  A redback (Lair:3)
  5 vampire mosquitoes
  An acid dragon (D:13)
  5 hell hounds
  15 water moccasins
  23 orc warriors
  5 black bears
  A sky beast (D:8)
  4 ice beasts
  An ogre (shapeshifter) (D:15)
  16 wolves
  32 ogres
  9 centaurs
  A phantom (D:4)
  9 bullfrogs
  4 kobold brigands (Bailey)
  A gnoll sergeant (D:9)
  A scorpion (D:6)
  6 wights
  9 killer bees
  3 electric eels (D:13)
  10 howler monkeys
  3 bombardier beetles
  5 lava snakes (Lair:5)
  2 hounds (D:6)
  12 orc priests
  2 jellies
  A sleepcap (D:6)
  Jessica (D:3)
  2 iguanas
  Natasha (thrice) (D:4)
  12 orc wizards
  Robin (D:3)
  6 adders
  A shadow imp (D:8)
  3 white imps (Gauntlet)
  4 ufetubi
  3 dart slugs
  5 ribbon worms
  67 orcs
  7 bats
  2 endoplasms
  22 goblins
  13 hobgoblins
  12 kobolds
  7 quokkas
  6 ball pythons
  A frilled lizard (D:1)
  6 rats
668 creatures vanquished.

Vanquished Creatures (collateral kills)
  A hydra (Lair:4)
  A boulder beetle (Lair:4)
  2 kobold blastminers (Orc:2)
  2 water moccasins (Lair:4)
  2 wolves (Lair:4)
  A kobold brigand (Bailey)
  2 wights
  A kobold (Bailey)
12 creatures vanquished.

Vanquished Creatures (others)
  A dancing weapon (D:12)
  An orc (Orc:2)
2 creatures vanquished.

Grand Total: 682 creatures vanquished

Notes
Turn   | Place    | Note
-------+----------+-------------------------------------------
     0 | D:1      | tilp the Vampire Enchanter began the quest for the Orb.
     0 | D:1      | Reached XP level 1. HP: 13/13 MP: 3/3
   114 | D:1      | Reached XP level 2. HP: 20/20 MP: 5/5
   117 | D:1      | Learned a level 2 spell: Ensorcelled Hibernation
   291 | D:1      | Found Kafoudei's Armour Emporium.
   778 | D:1      | Gained mutation: You are afflicted with vampirism and can
                  | become a bat while bloodless. [Vampire growth]
   778 | D:1      | Reached XP level 3. HP: 25/25 MP: 1/6
   782 | D:1      | Learned a level 3 spell: Confusing Touch
  1248 | D:2      | Reached skill level 1 in Fighting
  1693 | D:3      | Identified the +1 helmet of a volcano {Int+4}
  1693 | D:3      | Noticed Robin
  1694 | D:3      | Noticed Jessica
  1994 | D:3      | Reached skill level 1 in Long Blades
  1994 | D:3      | Reached skill level 5 in Hexes
  1994 | D:3      | Reached XP level 4. HP: 32/32 MP: 7/7
  2243 | D:3      | Reached skill level 5 in Stealth
  2243 | D:3      | Reached XP level 5. HP: 34/38 MP: 3/8
  2419 | D:3      | Killed Jessica
  2682 | D:3      | Killed Robin
  2720 | D:3      | Found a broken altar of Ashenzari.
  2943 | D:3      | Found Viegaz's Book Shoppe.
  3147 | D:3      | Found a stormy altar of Qazlal.
  3220 | D:3      | Learned a level 3 spell: Tukima's Dance
  3258 | D:4      | Noticed a black bear
  3278 | D:4      | Reached XP level 6. HP: 44/44 MP: 3/10
  3635 | D:4      | Noticed Natasha
  3640 | D:4      | Killed Natasha
  3852 | D:4      | Reached XP level 7. HP: 33/51 MP: 7/11
  3856 | D:4      | Learned a level 3 spell: Dazzling Flash
  4172 | D:1      | Bought a +1 pair of boots of stealth for 198 gold pieces
  4297 | D:5      | Entered Level 5 of the Dungeon
  4994 | D:6      | Found a staircase to the Ecumenical Temple.
  5070 | D:6      | Reached XP level 8. HP: 58/58 MP: 11/13
  5079 | Temple   | Entered the Ecumenical Temple
  5095 | Temple   | Became a worshipper of the Wu Jian Council
  5127 | D:6      | Reached skill level 1 in Evocations
  5829 | D:7      | Reached XP level 9. HP: 66/66 MP: 15/15
  5835 | D:7      | Learned a level 5 spell: Yara's Violent Unravelling
  5917 | D:7      | Reached skill level 5 in Fighting
  6024 | D:7      | Reached * piety under Wu Jian
  6357 | D:8      | Noticed Maggie
  6369 | D:8      | Killed Maggie
  6370 | D:8      | Reached skill level 10 in Hexes
  6396 | D:8      | Noticed a two-headed ogre
  6396 | D:8      | Noticed a moth of wrath
  6482 | D:8      | Found a bloodstained altar of Trog.
  6483 | D:8      | Noticed Alarak's ghost (novice DsGl)
  6488 | D:8      | Found a transporter.
  6492 | D:8      | Found a transporter.
  6506 | D:8      | Found a flagged portal.
  6531 | Bailey   | Entered a bailey
  6589 | Bailey   | Reached skill level 5 in Long Blades
  6688 | Bailey   | Found a bloodstained altar of Trog.
  6910 | D:8      | Reached ** piety under Wu Jian
  6916 | D:8      | Reached skill level 5 in Spellcasting
  6955 | D:8      | Found a sparkling altar of Nemelex Xobeh.
  6955 | D:8      | Found a hazy altar of Hepliaklqana.
  6955 | D:8      | Found a radiant altar of Vehumet.
  6955 | D:8      | Found a shimmering blue altar of Sif Muna.
  6964 | D:8      | Found a bloodstained altar of Trog.
  6965 | D:8      | Found an opulent altar of Gozag.
  7162 | D:9      | Identified a scroll of acquirement
  7162 | D:9      | Acquired the Almanac of Combined Lightning
  7189 | D:9      | Reached XP level 10. HP: 76/76 MP: 15/17
  7192 | D:9      | Reached skill level 1 in Throwing
  7408 | D:9      | Noticed a two-headed ogre
  7409 | D:9      | Killed a two-headed ogre
  7411 | D:9      | Noticed a manticore
  7412 | D:9      | Killed a manticore
  7451 | D:9      | Reached skill level 10 in Stealth
  7523 | D:9      | Noticed a two-headed ogre
  7544 | D:9      | Killed a two-headed ogre
  7577 | D:9      | Reached XP level 11. HP: 32/86 MP: 10/18
  7614 | D:9      | Noticed a two-headed ogre
  7617 | D:9      | Killed a two-headed ogre
  7911 | D:9      | You fall into a shaft and drop 3 floors!
  7983 | D:12     | Found Boptekuf's Weapon Emporium.
  8069 | D:12     | Noticed Psyche
  8106 | D:12     | Reached *** piety under Wu Jian
  8133 | D:12     | Killed Psyche
  8138 | D:12     | Reached skill level 10 in Long Blades
  8433 | D:12     | Found Usiph's Antique Armour Shop.
  8571 | D:11     | Noticed a boulder beetle
  8649 | D:11     | Killed a boulder beetle
  8820 | D:11     | Noticed a two-headed ogre
  8825 | D:11     | Killed a two-headed ogre
  8958 | D:10     | Entered Level 10 of the Dungeon
  9021 | D:10     | Found a blossoming altar of Fedhas.
  9486 | D:9      | Found Nerushosk's Weapon Shop.
  9486 | D:9      | Found a staircase to the Orcish Mines.
  9493 | D:9      | Reached **** piety under Wu Jian
  9851 | D:4      | Noticed Natasha
  9856 | D:4      | Killed Natasha
  9889 | D:4      | Noticed Natasha
  9894 | D:4      | Killed Natasha
  9997 | D:1      | Bought a +0 buckler for 54 gold pieces
  9997 | D:1      | Bought the +3 leather armour "Olymuor" {Str+3 Int+3} for
                  | 439 gold pieces
 10293 | D:10     | Noticed a two-headed ogre
 10301 | D:10     | Killed a two-headed ogre
 10424 | D:10     | Reached skill level 1 in Armour
 10424 | D:10     | Reached XP level 12. HP: 65/93 MP: 14/19
 10708 | D:11     | Noticed a two-headed ogre
 10716 | D:11     | Killed a two-headed ogre
 10717 | D:11     | Reached skill level 1 in Shields
 11127 | D:11     | Found a staircase to the Lair.
 11151 | D:11     | Identified the +4 whip of Ignis's Felicitations {flame,
                  | rN+}
 11230 | D:11     | Noticed a two-headed ogre
 11235 | D:11     | Killed a two-headed ogre
 11679 | D:12     | Reached skill level 5 in Dodging
 12011 | D:12     | Learned a level 5 spell: Summon Mana Viper
 12068 | Lair:1   | Entered Level 1 of the Lair of Beasts
 12378 | Lair:1   | Found a shimmering blue altar of Sif Muna.
 12380 | Lair:1   | Noticed Fannar
 12386 | Lair:1   | Killed Fannar
 12387 | Lair:1   | Reached skill level 5 in Evocations
 12680 | Lair:1   | Noticed Gastronok
 12728 | Lair:1   | Killed Gastronok
 13190 | Lair:2   | Found a gate leading to a gauntlet.
 13200 | Gauntlet | Entered a Gauntlet
 13200 | Gauntlet | Found a transporter.
 13200 | Gauntlet | Found a transporter.
 13208 | Gauntlet | Found a transporter.
 13212 | Gauntlet | Found a transporter.
 13220 | Gauntlet | Found a transporter.
 13224 | Gauntlet | Found a transporter.
 13232 | Gauntlet | Found a transporter.
 13249 | Gauntlet | Found a transporter.
 13261 | Gauntlet | Noticed a balrug
 13263 | Gauntlet | Found a transporter.
 13267 | Gauntlet | Found a transporter.
 13276 | Gauntlet | Found a transporter.
 13279 | Gauntlet | Found a transporter.
 13280 | Gauntlet | Found a runed translucent door.
 13610 | Gauntlet | Reached XP level 13. HP: 85/101 MP: 18/22
 13648 | Gauntlet | Identified the +9 war axe of Gallantry {protect, ^Contam
                  | Str+5}
 13648 | Gauntlet | Noticed a minotaur
 13655 | Gauntlet | Killed a minotaur
 13705 | Gauntlet | Identified the +0 robe of Hupuh {Dex+3}
 14800 | Lair:3   | Reached ***** piety under Wu Jian
 15002 | Lair:3   | Reached skill level 10 in Fighting
 15014 | Lair:3   | Identified the +0 long sword "Stringbean" {flame, *Corrode
                  | Str+8}
 15535 | Lair:3   | Found a staircase to the Shoals.
 15641 | Lair:3   | Found a hole to the Spider Nest.
 16656 | Lair:3   | Found a staircase to the Shoals.
 17053 | Lair:3   | Found a hole to the Spider Nest.
 17163 | Lair:3   | Found a staircase to the Shoals.
 17396 | Lair:3   | Found a hole to the Spider Nest.
 18146 | Lair:4   | Reached XP level 14. HP: 111/111 MP: 20/24
 18647 | Lair:4   | Identified the +3 trident of Desperation {heavy, +Blink
                  | MP-9 Int+8 Dex-2}
 19389 | D:12     | Bought a pair of runed gloves for 210 gold pieces
 19637 | D:3      | Bought a book of Hexes for 504 gold pieces
 19640 | D:3      | Learned a level 2 spell: Blink
 19907 | Lair:5   | Entered Level 5 of the Lair of Beasts
 19912 | Lair:5   | Found a viscous altar of Jiyva.
 19945 | Lair:5   | Found a staircase to the Slime Pits.
 20095 | Lair:5   | Reached skill level 1 in Translocations
 20426 | Lair:5   | Noticed Snorg
 20438 | Lair:5   | Killed Snorg
 20705 | Lair:5   | Reached ****** piety under Wu Jian
 21696 | Lair:5   | Found a large runed translucent door.
 21696 | Lair:5   | Found a large runed translucent door.
 22283 | D:8      | Killed Alarak's ghost
 22284 | D:8      | Reached XP level 15. HP: 95/120 MP: 16/25
 22419 | Orc:1    | Entered Level 1 of the Orcish Mines
 22514 | Orc:2    | Entered Level 2 of the Orcish Mines
 22514 | Orc:2    | Found a staircase to the Elven Halls.
 22514 | Orc:2    | Found Haod's Armour Boutique.
 22669 | Orc:2    | Paralysed by an orc sorcerer for 2 turns
 23546 | Orc:1    | Found Diuzened's Antique Weapon Boutique.
 24384 | Orc:2    | Paralysed by an ogre mage for 2 turns
 24734 | Orc:2    | Found Qiaplej's Jewellery Shop.
 24734 | Orc:2    | Found Jah Oshu's Weapon Shoppe.
 24735 | Orc:2    | Found Pacep's Book Emporium.
 24735 | Orc:2    | Found Nekylev's Armour Shop.
 25355 | D:13     | Reached skill level 5 in Shields
 25725 | D:13     | Noticed Azrael
 25856 | D:13     | Killed Azrael
 26350 | D:14     | Found a gate to the Vaults.
 26505 | D:14     | Found a bloodstained altar of Trog.
 27164 | D:14     | Found a hide-covered altar of Uskayaw.
 27331 | D:15     | Entered Level 15 of the Dungeon
 27332 | D:15     | Noticed Agnes
 27620 | D:15     | Reached skill level 5 in Armour
 27628 | D:15     | Reached XP level 16. HP: 59/130 MP: 11/27
 28150 | D:15     | Slain by Agnes

Illustrated notes

Levels and vault maps discovered:
D:1:      dpeg_arrival_castle, layout_loops_ring, serial_shops,
          nicolae_shop_tiny_waterfront, serial_glass, glass_columns_a,
          glass_columns_b, glass_columns_a, glass_columns_a
D:2:      layout_rooms, dreamdust_princess_bridge, minmay_hedge_maze
D:3:      layout_loops_corners, old_standard_altar, lemuel_tele_altar,
          cheibrodos_sewer_entry_bend, serial_shops, nicolae_square_shop,
          nrook_mini_backslash, uniq_robin, uniq_jessica
D:4:      layout_basic, uniq_natasha
D:5:      layout_loops_ring
D:6:      layout_rooms, minmay_temple_entry_grid, kennysheep_generic_room_8
D:7:      layout_loops_corners, minmay_misc_feat_alley
D:8:      layout_loops_ring, minmay_overflow_temple_hex, enter_bailey_5,
          gammafunk_ghost_wrathful_warriors, uniq_maggie
D:9:      minmay_imperfect_grid, layout_basic, orc_david_3,
          minmay_stone_trees_small, minmay_door_square
D:10:     layout_irregular_city, lemuel_doored_altar
D:11:     layout_basic, hellmonk_lair_entry_icy
D:12:     layout_long_grid, serial_shops, shop, shop, kennysheep_nub,
          hangedman_decor_points, uniq_psyche
D:13:     layout_basic, uniq_azrael
D:14:     cheibrodos_orc_bank, layout_loops_ring, erik_vaults_1,
          nicolae_uskayaw_suspiria, trog_ov_bears_minmay
D:15:     hellmonk_depths_entry_around_the_bend, layout_cave_pods,
          nicolae_titane, uniq_agnes
Temple:   nicolae_temple_bog_church
Lair:1:   layout_small_grid, basic_altar, nicolae_quartered_pool_little,
          minmay_lair_oklob_items, grunt_forest_stairs_basic,
          serial_bayou_lagoon_a, uniq_gastronok, uniq_fannar
Lair:2:   layout_layer_cave, gauntlet_entry_generic, grunt_megastairs_3
Lair:3:   layout_cave_pods, minmay_shoals_entry_beasts, spider_nest_entry_a,
          small_statue_intersection, serial_bayou_shore_b
Lair:4:   layout_regular_city, infiniplex_staircase_pool_2, grunt_megastairs_2
Lair:5:   cheibrodos_lair_end_hotspot, layout_big_grid,
          minmay_slime_entry_pillars, chequers_serial_rivers_micro_b,
          patterned_corridor, uniq_snorg
Orc:1:    layout_caves, serial_shops, shop
Orc:2:    st_orc_ogre_mass, layout_caves, serial_shops, shop

Skill      XL: |  1  2  3  4  5  6  7  8  9 10 11 12 13 14 15 16 |
---------------+-------------------------------------------------+-----
Fighting       | 1 2 3 4 6 8 9 10 12 13 | 13.1
Long Blades    | 1 2 3 5 7 11 12 13 | 13.7
Hexes          | 5 6 7 9 10 11 12 13 | 13.3
Stealth        | 5 6 7 8 10 11 12 13 | 13.5
Short Blades   | 2 3 4 |  4.1
Dodging        | 3 4 5 7 8 9 |  9.3
Spellcasting   | 3 4 5 6 7 8 |  8.0
Evocations     | 2 3 4 5 6 8 |  8.9
Throwing       | 2 |  2.0
Armour         | 1 2 3 5 |  5.1
Shields        | 2 4 5 |  5.6
Translocations | 4 |  4.0

Action                     |  1- 3 |  4- 6 |  7- 9 | 10-12 | 13-15 | 16-18 || total
---------------------------+-------+-------+-------+-------+-------+-------++-------
  Melee: Dagger            |    92 |   135 |   154 |   384 |   837 |    23 ||  1625
         Bite              |     5 |    11 |    14 |    49 |   114 |     3 ||   196
         Scimitar          |       |       |       |       |     8 |     7 ||    15
  Throw: Boomerang         |       |       |       |       |     4 |       ||     4
   Cast: Ensorcelled Hiber |    18 |    24 |    42 |   102 |   304 |    12 ||   502
         Confusing Touch   |       |     2 |    13 |    19 |    22 |     1 ||    57
         Tukima's Dance    |       |       |     6 |     1 |     4 |       ||    11
         Dazzling Flash    |       |       |       |    15 |    78 |     5 ||    98
Ability: Lunge             |       |       |    15 |    51 |    88 |     4 ||   158
         Whirlwind         |       |       |     2 |    14 |    33 |       ||    49
  Evoke: Tin of tremorston |       |       |       |       |       |     2 ||     2
    Use: Scroll            |     2 |     3 |    14 |    15 |     5 |       ||    39
         Potion            |       |       |       |       |     2 |       ||     2
   Stab: Sleeping          |    18 |    23 |    46 |    89 |   220 |     7 ||   403
         Distracted        |     1 |       |       |     1 |     3 |       ||     5
         Confused          |       |     2 |     9 |    19 |    15 |     1 ||    46
         Invisible         |       |       |       |     5 |    61 |       ||    66
 Armour: Robe              |    51 |    66 |    92 |    94 |       |       ||   303
         Leather armour    |       |       |       |    49 |   462 |    25 ||   536
  Dodge: Dodged            |    55 |    77 |   132 |   118 |   509 |    20 ||   911
  Block: Buckler           |       |       |       |    13 |   197 |     6 ||   216

Table legend: (Time is in decaauts)
 A = Elapsed time spent in this place.
 B = Non-inter-level travel time spent in this place.
 C = Inter-level travel time spent in this place.
 D = Time resting spent in this place.
 E = Time spent auto-exploring this place.
 F = Levels seen in this place.
 G = Mean time per level.
                   A        B        C        D        E       F      G
               +--------+--------+--------+--------+--------+-----+--------+
         Total |  27764 |  24866 |   2898 |   3304 |  15684 |  25 | 1110.6 |
       Dungeon |  15657 |  13401 |   2256 |   1383 |   8682 |  15 | 1043.8 |
        Temple |     32 |      1 |     31 |      0 |      0 |   1 |   32.0 |
          Lair |   8741 |   8191 |    550 |    908 |   5823 |   5 | 1748.2 |
  Orcish Mines |   2567 |   2507 |     60 |   1013 |    913 |   2 | 1283.5 |
        Bailey |    216 |    216 |      0 |      0 |     38 |   1 |  216.0 |
      Gauntlet |    550 |    550 |      0 |      0 |    227 |   1 |  550.0 |
               +--------+--------+--------+--------+--------+-----+--------+

Top non-repeatable levels by time:
  Lair:3: 3035 daAuts
  Lair:5: 1743 daAuts
    D:11: 1488 daAuts
     D:3: 1453 daAuts
     D:9: 1443 daAuts
   Orc:1: 1440 daAuts
  Lair:4: 1437 daAuts
  Lair:2: 1405 daAuts
    D:14: 1173 daAuts
     D:1: 1133 daAuts
   Orc:2: 1127 daAuts
    D:12: 1125 daAuts
     D:4: 1120 daAuts
  Lair:1: 1119 daAuts
     D:2: 1062 daAuts
